NYP
BROOKLYN CYCLONES @ STATE COLLEGE SPIKES
08/02/2044
 
TOP OF THE 1ST
Brooklyn Cyclones batting - Pitching for State College Spikes : RHP Kohsuke Naito
Pitching: RHP Kohsuke Naito
Batting: RHB Tony Oria 0-0: Ball
1-0: Called Strike
1-1: Foul Ball, location: 2F
1-2: SINGLE (Line Drive, 4M, EV 99.4 MPH)
Batting: RHB Mario Trujillo 0-0: Ball
1-0: Ball
Tony Oria steals 2nd base
2-0: Ball
3-0: Called Strike
3-1: Fly out, F9 (Flyball, 89D, EV 76.3 MPH)
Runner from 2nd tags up, SAFE at 3rd, no throw by RF
Batting: LHB Victor Ferrermena 0-0: Called Strike
0-1: Foul Ball, location: 2F
0-2: Ball
1-2: Strikes out swinging
Batting: LHB Adam Barry 0-0: Swinging Strike
0-1: Ball
1-1: Ground out 4-3 (Groundball, 34, EV 82.5 MPH)
Top of the 1st over - 0 runs, 1 hit, 0 errors, 1 left on base; Brooklyn 0 - State College 0
BOTTOM OF THE 1ST
State College Spikes batting - Pitching for Brooklyn Cyclones : RHP Morty Rupert
Pitching: RHP Morty Rupert
Batting: LHB Robert Rauda 0-0: Ball
1-0: Ball
2-0: Called Strike
2-1: Called Strike
2-2: Foul Ball, location: 2F
2-2: Foul Ball, location: 2F
2-2: Ground out 3-1 (Groundball, 13, EV 83.8 MPH)
Batting: RHB Mike Zimmerly 0-0: SINGLE (Groundball, 6MS, EV 70.6 MPH) (infield hit)
Batting: RHB Mark Marks 0-0: Called Strike
Mike Zimmerly steals 2nd base
0-1: Ball
1-1: Ball
2-1: Ball
3-1: Foul Ball, location: 2F
3-2: Ground out 5-3 (Groundball, 56, EV 105.0 MPH)
Batting: LHB Jayden Thomas 0-0: Ball
1-0: TRIPLE (Line Drive, 78XD, EV 111.3 MPH)
Mike Zimmerly scores
Batting: RHB Mark Cahill 0-0: Called Strike
0-1: DOUBLE (Flyball, 8LXD, EV 111.9 MPH)
Jayden Thomas scores
Batting: RHB Immel Kamuzu 0-0: Ball
1-0: Called Strike
1-1: Fly out, F8 (Flyball, 89M, EV 87.5 MPH)
Bottom of the 1st over - 2 runs, 3 hits, 0 errors, 1 left on base; Brooklyn 0 - State College 2
TOP OF THE 2ND
Brooklyn Cyclones batting - Pitching for State College Spikes : RHP Kohsuke Naito
Batting: LHB Kodai Furuki 0-0: Called Strike
0-1: Swinging Strike
0-2: Strikes out swinging
Batting: RHB Leo Roman 0-0: Ball
1-0: Called Strike
1-1: Ball
2-1: Called Strike
2-2: Ball
3-2: Fly out, F3 (Popup, 3F, EV 63.8 MPH)
Batting: RHB Oscar Chairez 0-0: Called Strike
0-1: Ball
1-1: Ground out 6-3 (Groundball, 6, EV 104.4 MPH)
Top of the 2nd over - 0 runs, 0 hits, 0 errors, 0 left on base; Brooklyn 0 - State College 2
BOTTOM OF THE 2ND
State College Spikes batting - Pitching for Brooklyn Cyclones : RHP Morty Rupert
Batting: SHB Steve Barnett 0-0: Called Strike
0-1: Called Strike
0-2: Ball
1-2: Fly out, F7 (Line Drive, 7D, EV 101.3 MPH)
Batting: LHB Adam Eisen 0-0: Foul Ball, location: 2F
0-1: Swinging Strike
0-2: Ball
1-2: Ball
2-2: Strikes out looking
Batting: RHB Francisco de la Cruz 0-0: Called Strike
0-1: Ball
1-1: Ball
2-1: Called Strike
2-2: SINGLE (Popup, 56D, EV 48.8 MPH)
Batting: LHB Robert Rauda 0-0: Ball
1-0: Foul Ball, location: 2F
1-1: Called Strike
1-2: Ball
2-2: Fielders Choice at 2nd, 6-4 (Groundball, 6, EV 88.1 MPH)
Bottom of the 2nd over - 0 runs, 1 hit, 0 errors, 1 left on base; Brooklyn 0 - State College 2
TOP OF THE 3RD
Brooklyn Cyclones batting - Pitching for State College Spikes : RHP Kohsuke Naito
Batting: LHB Manny Caldera 0-0: Ball
1-0: SINGLE (Groundball, 6MS, EV 68.8 MPH) (infield hit)
Batting: RHB Hyeok Kim 0-0: Reached on error, E6 (Groundball, 6, EV 105.0 MPH)
Manny Caldera to second
Batting: RHB Tony Oria 0-0: Grounds into double play, 6-4-3 (Groundball, 6, EV 104.4 MPH)
Manny Caldera to third
Batting: RHB Mario Trujillo 0-0: Ball
Wild Pitch!
Manny Caldera scores
1-0: Ball
2-0: Fly out, F9 (Line Drive, 9, EV 96.9 MPH)
Top of the 3rd over - 1 run, 1 hit, 1 error, 0 left on base; Brooklyn 1 - State College 2
BOTTOM OF THE 3RD
State College Spikes batting - Pitching for Brooklyn Cyclones : RHP Morty Rupert
Batting: RHB Mike Zimmerly 0-0: Called Strike
0-1: Ground out 4-3 (Groundball, 4, EV 101.9 MPH)
Batting: RHB Mark Marks 0-0: Called Strike
0-1: Ball
1-1: Swinging Strike
1-2: Foul Ball, location: 2F
1-2: Foul Ball, location: 2F
1-2: Ball
2-2: Ball
3-2: Foul Ball, location: 2F
3-2: Ground out 5-3 (Groundball, 56S, EV 62.5 MPH)
Batting: LHB Jayden Thomas 0-0: SINGLE (Line Drive, 34, EV 109.4 MPH)
Batting: RHB Mark Cahill 0-0: Ball
Jayden Thomas is caught stealing 2nd base 2-4
Bottom of the 3rd over - 0 runs, 1 hit, 0 errors, 0 left on base; Brooklyn 1 - State College 2
TOP OF THE 4TH
Brooklyn Cyclones batting - Pitching for State College Spikes : RHP Kohsuke Naito
Batting: LHB Victor Ferrermena 0-0: Ground out 3-1 (Groundball, 34, EV 99.4 MPH)
Batting: LHB Adam Barry 0-0: Ball
1-0: Called Strike
1-1: Ball
2-1: Swinging Strike
2-2: Strikes out swinging
Batting: LHB Kodai Furuki 0-0: Called Strike
0-1: Ground out U3 (Groundball, 3L, EV 85.6 MPH)
Top of the 4th over - 0 runs, 0 hits, 0 errors, 0 left on base; Brooklyn 1 - State College 2
BOTTOM OF THE 4TH
State College Spikes batting - Pitching for Brooklyn Cyclones : RHP Morty Rupert
Batting: RHB Mark Cahill 0-0: Fly out, F9 (Flyball, 9LM, EV 86.3 MPH)
Batting: RHB Immel Kamuzu 0-0: Ball
1-0: Ball
2-0: Fly out, F8 (Line Drive, 8RD, EV 100.0 MPH)
Batting: SHB Steve Barnett 0-0: Ball
1-0: Fly out, F7 (Flyball, 78D, EV 93.8 MPH)
Bottom of the 4th over - 0 runs, 0 hits, 0 errors, 0 left on base; Brooklyn 1 - State College 2
TOP OF THE 5TH
Brooklyn Cyclones batting - Pitching for State College Spikes : RHP Kohsuke Naito
Batting: RHB Leo Roman 0-0: Called Strike
0-1: Ground out 6-3 (Groundball, 6, EV 89.4 MPH)
Batting: RHB Oscar Chairez 0-0: Called Strike
0-1: Ball
1-1: Ball
2-1: Foul Ball, location: 2F
2-2: Foul Ball, location: 2F
2-2: Ball
3-2: Base on Balls
Batting: LHB Manny Caldera 0-0: Called Strike
0-1: Ball
1-1: Called Strike
1-2: Hit by Pitch
Oscar Chairez to second
Batting: RHB Hyeok Kim 0-0: Foul Ball, location: 2F
0-1: Foul Ball, location: 2F
0-2: Strikes out looking
Batting: RHB Tony Oria 0-0: Ball
1-0: Ball
2-0: Reached on error, E3 (Groundball, 34, EV 89.4 MPH)
Oscar Chairez to third
Manny Caldera to second
Batting: RHB Mario Trujillo 0-0: Called Strike
0-1: Foul Ball, location: 2F
0-2: Foul Ball, location: 2F
0-2: Foul Ball, location: 2F
0-2: SINGLE (Groundball, 6MD, EV 103.8 MPH)
Oscar Chairez scores
Manny Caldera to third
Tony Oria to second
Runner from 3rd tries for Home, SAFE, throw by CF to home
Batting: LHB Victor Ferrermena 0-0: Foul Ball, location: 2F
0-1: Swinging Strike
0-2: Foul Ball, location: 2F
0-2: Ball
1-2: Ball
2-2: Strikes out swinging
Top of the 5th over - 2 runs, 1 hit, 1 error, 2 left on base; Brooklyn 3 - State College 2
BOTTOM OF THE 5TH
State College Spikes batting - Pitching for Brooklyn Cyclones : RHP Morty Rupert
Batting: LHB Adam Eisen 0-0: Ball
1-0: Ball
2-0: Foul Ball, location: 2F
2-1: Foul Ball, location: 2F
2-2: Fly out, F9 (Flyball, 9S, EV 75.0 MPH)
Batting: RHB Francisco de la Cruz 0-0: Ball
1-0: Ground out 2-3 (Groundball, 2L, EV 68.8 MPH)
Batting: LHB Robert Rauda 0-0: Ball
1-0: DOUBLE (Line Drive, 9LM, EV 103.8 MPH)
Batting: RHB Mike Zimmerly 0-0: Called Strike
0-1: Fly out, F5 (Line Drive, 5, EV 66.3 MPH)
Bottom of the 5th over - 0 runs, 1 hit, 0 errors, 1 left on base; Brooklyn 3 - State College 2
TOP OF THE 6TH
Brooklyn Cyclones batting - Pitching for State College Spikes : RHP Kohsuke Naito
Batting: LHB Adam Barry 0-0: Ball
1-0: Ground out 6-3 (Groundball, 6MS, EV 86.3 MPH)
Batting: LHB Kodai Furuki 0-0: Called Strike
0-1: Ball
1-1: Ball
2-1: Foul Ball, location: 2F
2-2: Ball
3-2: Base on Balls
Pitching: RHP Ed Puentes
Batting: RHB Leo Roman 0-0: Ball
1-0: SINGLE (Groundball, 6D, EV 101.9 MPH)
Kodai Furuki to second
Batting: RHB Oscar Chairez 0-0: Ball
1-0: Fly out, F6 (Line Drive, 6, EV 71.9 MPH)
Batting: LHB Manny Caldera 0-0: Foul Ball, location: 2F
0-1: Swinging Strike
0-2: Foul Ball, location: 2F
0-2: Strikes out looking
Top of the 6th over - 0 runs, 1 hit, 0 errors, 2 left on base; Brooklyn 3 - State College 2
BOTTOM OF THE 6TH
State College Spikes batting - Pitching for Brooklyn Cyclones : RHP Morty Rupert
Batting: RHB Mark Marks 0-0: Ground out 6-3 (Groundball, 6D, EV 108.1 MPH)
Batting: LHB Jayden Thomas 0-0: Swinging Strike
0-1: Foul Ball, location: 2F
0-2: Ball
1-2: Ball
2-2: Foul Ball, location: 2F
2-2: Foul Ball, location: 2F
2-2: Foul Ball, location: 2F
2-2: Ball
3-2: Ground out 4-3 (Groundball, 4S, EV 66.9 MPH)
Batting: RHB Mark Cahill 0-0: Swinging Strike
0-1: Ground out 4-3 (Groundball, 4, EV 107.5 MPH)
Bottom of the 6th over - 0 runs, 0 hits, 0 errors, 0 left on base; Brooklyn 3 - State College 2
TOP OF THE 7TH
Brooklyn Cyclones batting - Pitching for State College Spikes : RHP Ed Puentes
Pitching: RHP Dan Hardman
Batting: RHB Hyeok Kim 0-0: Ball
1-0: Ground out 5-3 (Groundball, 56S, EV 90.0 MPH)
Batting: RHB Tony Oria 0-0: Ball
1-0: Called Strike
1-1: Ball
2-1: Ball
3-1: Foul Ball, location: 2F
3-2: Fly out, F8 (Flyball, 8LD, EV 108.1 MPH)
Batting: RHB Mario Trujillo 0-0: Foul Ball, location: 2F
0-1: SINGLE (Groundball, 56D, EV 100.6 MPH)
Batting: LHB Victor Ferrermena 0-0: Swinging Strike
0-1: Ball
1-1: Ball
2-1: Fly out, F7 (Flyball, 78S, EV 91.3 MPH)
Top of the 7th over - 0 runs, 1 hit, 0 errors, 1 left on base; Brooklyn 3 - State College 2
BOTTOM OF THE 7TH
State College Spikes batting - Pitching for Brooklyn Cyclones : RHP Morty Rupert
Batting: RHB Immel Kamuzu 0-0: Foul Ball, location: 2F
0-1: Ball
1-1: Ball
2-1: Ball
3-1: Fly out, F9 (Flyball, 9D, EV 105.6 MPH)
Batting: SHB Steve Barnett 0-0: Called Strike
0-1: Called Strike
0-2: Strikes out looking
Batting: LHB Adam Eisen 0-0: Ball
1-0: Ball
2-0: Called Strike
2-1: Ball
3-1: Fly out, F2 (Popup, 2L, EV 94.4 MPH)
Bottom of the 7th over - 0 runs, 0 hits, 0 errors, 0 left on base; Brooklyn 3 - State College 2
TOP OF THE 8TH
Brooklyn Cyclones batting - Pitching for State College Spikes : RHP Dan Hardman
Batting: LHB Adam Barry 0-0: Ball
1-0: Fly out, F5 (Popup, 5F, EV 77.5 MPH)
Batting: LHB Kodai Furuki 0-0: Foul Ball, location: 2F
0-1: Ball
1-1: Called Strike
1-2: Foul Ball, location: 2F
1-2: Ball
2-2: Ground out 5-3 (Groundball, 6S, EV 68.8 MPH)
Batting: RHB Leo Roman 0-0: Ground out 6-3 (Groundball, 56, EV 85.0 MPH)
Top of the 8th over - 0 runs, 0 hits, 0 errors, 0 left on base; Brooklyn 3 - State College 2
BOTTOM OF THE 8TH
State College Spikes batting - Pitching for Brooklyn Cyclones : RHP Morty Rupert
Batting: RHB Francisco de la Cruz 0-0: Called Strike
0-1: Ball
1-1: Ball
2-1: Ball
3-1: Fly out, F3 (Popup, 3SF, EV 70.6 MPH)
Batting: LHB Robert Rauda 0-0: Ball
1-0: SINGLE (Groundball, 4D, EV 106.3 MPH)
Pitching: RHP Jason Vulich
Batting: RHB Mike Zimmerly 0-0: Ball
1-0: Foul Ball, location: 2F
1-1: Ball
2-1: Swinging Strike
2-2: Foul Ball, location: 2F
2-2: Ball
3-2: Foul Ball, location: 2F
3-2: DOUBLE (Line Drive, 89XD, EV 106.3 MPH)
Robert Rauda to third
Runner from 3rd tries for Home, SAFE, throw by CF to trailing runner, SAFE at third!
Batting: RHB Mark Marks 0-0: Ball
1-0: Ball
2-0: Ball
3-0: Called Strike
3-1: Base on Balls
Batting: LHB Jayden Thomas 0-0: Called Strike
0-1: Ball
1-1: Foul Ball, location: 2F
1-2: Ball
2-2: Strikes out looking
Batting: RHB Mark Cahill 0-0: Foul Ball, location: 2F
0-1: Called Strike
0-2: Ball
1-2: SINGLE (Groundball, 56S, EV 66.3 MPH) (infield hit)
Mike Zimmerly scores
Mark Marks to second
Batting: RHB Immel Kamuzu 0-0: Foul Ball, location: 2F
0-1: Called Strike
0-2: Foul Ball, location: 2F
0-2: Ball
1-2: Ball
2-2: Ball
3-2: Fly out, F9 (Flyball, 9, EV 77.5 MPH)
Bottom of the 8th over - 2 runs, 3 hits, 0 errors, 2 left on base; Brooklyn 3 - State College 4
TOP OF THE 9TH
Brooklyn Cyclones batting - Pitching for State College Spikes : RHP Dan Hardman
Pitching: RHP Rodriguo Persoa
Now in RF: Hank Arias
Pinch Hitting: LHB Bill Fortin 0-0: Called Strike
0-1: Ball
1-1: Ground out U3 (Groundball, 3, EV 87.5 MPH)
Batting: LHB Manny Caldera 0-0: Foul Ball, location: 2F
0-1: Called Strike
0-2: Foul Ball, location: 2F
0-2: Foul Ball, location: 2F
0-2: Ball
1-2: Strikes out swinging
Pinch Hitting: LHB Javy Cavazos 0-0: Ball
1-0: Called Strike
1-1: Ball
2-1: Swinging Strike
2-2: Ball
3-2: Foul Ball, location: 2F
3-2: SINGLE (Groundball, 4MD, EV 100.0 MPH)
Batting: RHB Tony Oria 0-0: Called Strike
0-1: Ball
1-1: Foul Ball, location: 2F
1-2: Ball
2-2: Ball
3-2: Foul Ball, location: 2F
3-2: Strikes out swinging
Top of the 9th over - 0 runs, 1 hit, 0 errors, 1 left on base; Brooklyn 3 - State College 4
Thursday, March 31st , 2022 - OOTP Baseball 22.12 Build 89